 Dungeon Crawl Stone Soup version 0.31-a0-1008-g5b978dac0e (webtiles) character file.

Game seed: 4604229878662391760

59 tilp the Sneak (level 3, 0/26 HPs)
             Began as a Vampire Enchanter on Nov 12, 2023.
             Slain by a worm (9 damage)
             ... on level 2 of the Dungeon.
             The game lasted 00:02:04 (1697 turns).

tilp the Sneak (Vampire Enchanter)                  Turns: 1697, Time: 00:02:05

Health: 0/26       AC:  3    Str:  7    XL:     3   Next: 78%
Magic:  1/6        EV: 12    Int: 19    God:
Gold:   69         SH:  0    Dex: 14    Spells: 1/6 levels left

rFire   . . .        a - +1 dagger
rCold   . . .        (no shield)
rNeg    . . .        b - +1 robe
rPois   .            (no helmet)
rElec   .            (no cloak)
rCorr   .            (no gloves)
SInv    +            (no boots)
Will    .....        (no amulet)
Stlth   +++          (no ring)
HPRegen 0.44/turn    (no ring)
MPRegen 0.10/turn

%: no passive effects
@: healing quickly
A: alive, fangs 3, see invisible, vampiric 2
a: Exsanguinate


You were on level 2 of the Dungeon.
You visited 1 branch of the dungeon, and saw 2 of its levels.

You collected 69 gold pieces.

Inventory:

Hand Weapons
 a - a +1 dagger (weapon)
Missiles
 k - a stone
Armour
 b - a +1 robe (worn)
Magical Staves
 j - a staff of air
Scrolls
 d - a scroll of identify {unknown}
 i - a scroll of fear {unknown}
 l - a scroll of silence {unknown}
Potions
 c - 2 potions of invisibility
 e - a potion of magic {unknown}
 f - a potion of cancellation {unknown}
 g - a potion of might {unknown}
 h - a potion of curing {unknown}


   Skills:
 * Level 1.5 Fighting
 * Level 2.2 Short Blades
 + Level 2.5 Dodging
 + Level 4.8 Stealth
 + Level 2.2 Spellcasting
 + Level 4.7 Hexes


You had one spell level left.
You knew the following spells:

 Your Spells              Type           Power      Damage    Failure   Level
a - Ensorcelled Hibernat  Hex/Ice        22%        N/A       10%         2
b - Confusing Touch       Hex            20%        N/A       7%          3

Your spell library contained the following spells:

 Spells                   Type           Power      Damage    Failure   Level
 Tukima's Dance           Hex            20%        N/A       7%          3
 Dazzling Flash           Conj/Hex       22%        N/A       19%         3


Dungeon Overview and Level Annotations

Branches:
Dungeon (2/15)

Altars:

Shops:
D:1 (


Innate Abilities, Weirdness & Mutations

Your natural rate of healing is accelerated.
You have razor-sharp teeth.
You have supernaturally acute eyesight. (SInv)
You are afflicted with vampirism and can become a bat while bloodless.


Message History

Unknown command.
You hit the worm.
The worm is moderately wounded.
You hit the worm but do no damage.
The worm is moderately wounded.
The worm bites you.
You hit the worm but do no damage.
The worm is moderately wounded.
You hit the worm.
The worm is moderately wounded.
The worm closely misses you.
You hit the worm.
The worm is moderately wounded.
The worm bites you!
* * * LOW HITPOINT WARNING * * *
You hit the worm.
The worm is heavily wounded.
You hit the worm but do no damage.
The worm is heavily wounded.
The worm barely misses you.
You barely miss the worm.
The worm is heavily wounded.
You hit the worm.
The worm is heavily wounded.
The worm closely misses you.
You hit the worm.
The worm is severely wounded.
You hit the worm.
The worm is severely wounded.
The worm bites you.
* * * LOW HITPOINT WARNING * * *
You hit the worm.
The worm is severely wounded.
You hit the worm.
The worm is almost dead.
The worm misses you.
You hit the worm.
The worm is almost dead.
The worm bites you!
You die...

#. ##. .. ###. .
+...#+#####
$..#.........#
.............#
#..w@.....#
#.........#####.
#.......<.......
########..#####
#$.....#
##.###.# #.....#
#.....# #.....#


You could see a worm.

Vanquished Creatures
  2 adders (D:2)
  3 dart slugs (D:2)
  3 endoplasms
  A giant cockroach (D:1)
  5 hobgoblins
  3 jackals (D:1)
  3 ball pythons (D:1)
  A frilled lizard (D:1)
  6 goblins
  5 kobolds
  A rat (D:2)
33 creatures vanquished.

Notes
Turn   | Place    | Note
-------+----------+-------------------------------------------
     0 | D:1      | tilp the Vampire Enchanter began the quest for the Orb.
     0 | D:1      | Reached XP level 1. HP: 13/13 MP: 3/3
    51 | D:1      | Found Qouggij's Weapon Shoppe.
   137 | D:1      | Reached XP level 2. HP: 14/20 MP: 5/5
   153 | D:1      | Learned a level 2 spell: Ensorcelled Hibernation
   855 | D:1      | Reached skill level 1 in Fighting
  1358 | D:2      | Gained mutation: You are afflicted with vampirism and can
                  | become a bat while bloodless. [Vampire growth]
  1358 | D:2      | Reached XP level 3. HP: 17/26 MP: 0/6
  1419 | D:2      | Learned a level 3 spell: Confusing Touch
  1697 | D:2      | Slain by a worm

Illustrated notes

Levels and vault maps discovered:
D:1:      dpeg_arrival_tiny_k, layout_basic, serial_shops,
          nicolae_shop_bloodbath_and_beyond
D:2:      layout_basic, minmay_circle_x

Skill      XL: |  1  2 |
---------------+-------+-----
Fighting       | 1 |  1.5
Short Blades   | 2 |  2.2
Dodging        | |  2.5
Stealth        | |  4.8
Spellcasting   | |  2.2
Hexes          | |  4.7

Action                     || total
---------------------------++-------
  Melee: Dagger            ||   130
         Bite              ||     8
   Cast: Ensorcelled Hiber ||    21
    Use: Scroll            ||     1
   Stab: Sleeping          ||    15
         Distracted        ||     1
 Armour: Robe              ||    56
  Dodge: Dodged            ||    67

Table legend: (Time is in decaauts)
 A = Elapsed time spent in this place.
 B = Non-inter-level travel time spent in this place.
 C = Inter-level travel time spent in this place.
 D = Time resting spent in this place.
 E = Time spent auto-exploring this place.
 F = Levels seen in this place.
 G = Mean time per level.
                   A        B        C        D        E       F      G
               +--------+--------+--------+--------+--------+-----+--------+
         Total |   1686 |   1647 |     39 |      6 |   1346 |   2 |  843.0 |
       Dungeon |   1686 |   1647 |     39 |      6 |   1346 |   2 |  843.0 |
               +--------+--------+--------+--------+--------+-----+--------+

Top non-repeatable levels by time:
     D:1: 1324 daAuts
     D:2: 361 daAuts
